 Dungeon Crawl Stone Soup version 0.23.2-33-g5129a83184 (webtiles) character file.

Game seed: 13605589740969293703

62 H0rd4k the Magician (level 3, -2/19 HPs)
             Began as a Deep Elf Wizard on July 18, 2019.
             Killed by divine providence
             ... invoked by an orc priest
              (8 damage)
             ... on level 3 of the Dungeon.
             The game lasted 00:05:14 (2324 turns).

H0rd4k the Magician (Deep Elf Wizard)               Turns: 2324, Time: 00:05:14

Health: -2/19      AC:  2    Str:  4    XL:     3   Next: 85%
Magic:  6/12       EV: 13    Int: 23    God:
Gold:   54         SH:  0    Dex: 13    Spells: 3/13 levels left

rFire    . . .     SeeInvis .   (no weapon)
rCold    . . .     Gourm    .   (no shield)
rNeg     . . .     Faith    .   k - +0 robe (curse)
rPois    .         Spirit   .   b - +0 hat
rElec    .         Reflect  .   (no cloak)
rCorr    .         Harm     .   (no gloves)
MR       .....                  (no boots)
Stlth    ++........             (no amulet)
HPRegen  0.06/turn              (no ring)
MPRegen  0.13/turn              (no ring)

@: no status effects
A: no striking features
a: no special abilities


You were on level 3 of the Dungeon.
You were hungry.

You visited 1 branch of the dungeon, and saw 3 of its levels.

You collected 54 gold pieces.

Inventory:

Hand Weapons
 l - a +1 hunting sling of velocity
Armour
 a - a +0 robe
 b - a +0 hat (worn)
 k - a cursed +0 robe (worn)
Scrolls
 g - 2 scrolls of teleportation
 h - 3 scrolls of fog {unknown}
 i - a scroll of blinking {unknown}
 j - 2 scrolls of enchant weapon {unknown}
 m - a scroll of remove curse {unknown}
 p - 3 scrolls of identify {unknown}
Potions
 c - a potion of might {unknown}
 e - 2 potions of agility {unknown}
 f - 2 potions of flight {unknown}
 n - 2 potions of haste
 o - 2 potions of mutation {unknown}
Comestibles
 d - 4 rations


   Skills:
 + Level 2.8 Dodging
 + Level 2.8 Stealth
 + Level 5.9 Spellcasting
 + Level 1.9 Conjurations
   Level 1.1 Summonings
 + Level 1.1 Translocations


You had 3 spell levels left.
You knew the following spells:

 Your Spells              Type           Power        Failure   Level  Hunger
a - Magic Dart            Conj           ###.         3%          1    None
b - Blink                 Tloc           N/A          9%          2    None
c - Conjure Flame         Conj/Fire      ##......     17%         3    #......
d - Apportation           Tloc           ##....       5%          1    None
e - Confusing Touch       Hex            #.....       9%          1    None
f - Searing Ray           Conj           ###...       6%          2    None

Your spell library contained the following spells:

 Spells                   Type           Power        Failure   Level  Hunger
 Summon Small Mammal      Summ           ##..         5%          1    None
 Animate Skeleton         Necr           N/A          9%          1    None
 Call Imp                 Summ           ##......     9%          2    None
 Slow                     Hex            #.......     13%         2    None
 Dazzling Spray           Conj/Hex       ##....       17%         3    #......
 Mephitic Cloud           Conj/Pois/Air  #.......     21%         3    #......
 Iskenderun's Mystic Bla  Conj           ###.....     36%         4    ###....
 Force Lance              Conj/Tloc      ##......     41%         4    ###....
 Fulminant Prism          Conj/Hex       ##........   50%         4    ###....


Dungeon Overview and Level Annotations

Branches:
Dungeon (3/15)

Altars:
Nemelex Xobeh
Ru

Annotations:
D:2 exclusion: downstairs, Sigmund
D:3 1 runed translucent door, exclusion: upstairs, haesbaert's ghost, amateur DEFE


Message History

Aim: an orc, wielding a +0 hand axe and wearing a cursed +0 ring mail The searing ray hits the orc.
The orc is moderately wounded. (Press . to maintain the ray.)
The searing ray hits the orc but does no damage.
The orc is moderately wounded.
The searing ray hits the orc.
The orc is almost dead.
You hear a shout!
The searing ray hits the orc!
You kill the orc!
You finish channeling your searing ray.
The orc priest calls down the wrath of Beogh upon you.
Beogh smites you!
Ouch! That really hurt!
There is a stone staircase leading down here.
You see here a +0 club.
The orc priest invokes the aid of Beogh against you.
Beogh smites you!
You die...

...##..#WP#......#.#####
......#####.#..#.#.# ..##.##.#
#....#.# ### '###.##.# ###..#(#
#.. .# #.##.# #..#.# #o#
.###.##.# #..#.# #.# ..
.#......########.#.#####.# #.#
.#.#.................o...# #.#
...o...o........@#.#####.####.#
##.#############.#(#........#.#
#.# #.........#.#.#.######.#.#
#.###.###.###.#.#.#.##.....#.###
..............#.#.#.###.........
#.###..#..###.#.#.#.########.###
#.# #...........................
..# #....######.#.#.####........
#.........#.#.#.............


You could see an orc priest.

Vanquished Creatures
  An orc priest (D:3)
  A worm (D:3)
  2 leopard geckos (D:1)
  2 orcs (D:3)
  3 bats
  5 goblins
  5 hobgoblins
  A quokka (D:3)
  A ball python (D:1)
  2 kobolds
  2 rats
25 creatures vanquished.

Vanquished Creatures (others)
  An adder (D:2)
  A withered plant (D:3)
2 creatures vanquished.

Grand Total: 27 creatures vanquished

Notes
Turn   | Place    | Note
-------+----------+-------------------------------------------
     0 | D:1      | H0rd4k the Deep Elf Wizard began the quest for the Orb.
     0 | D:1      | Reached XP level 1. HP: 10/10 MP: 7/7
   378 | D:1      | Reached XP level 2. HP: 15/15 MP: 6/9
   528 | D:1      | Reached skill level 5 in Spellcasting
  1221 | D:3      | Learned a level 1 spell: Apportation
  1223 | D:3      | Learned a level 1 spell: Confusing Touch
  1226 | D:3      | Learned a level 2 spell: Blink
  1273 | D:3      | Found a sacrificial altar of Ru.
  1297 | D:3      | Found a runed translucent door.
  1297 | D:3      | Noticed haesbaert's ghost (amateur DEFE)
  1491 | D:2      | Noticed Sigmund
  1834 | D:3      | Reached XP level 3. HP: 11/19 MP: 2/12
  1991 | D:3      | Learned a level 3 spell: Conjure Flame
  2043 | D:3      | Learned a level 2 spell: Searing Ray
  2271 | D:3      | Found a sparkling altar of Nemelex Xobeh.
  2324 | D:3      | Killed from afar by an orc priest

Skill      XL: |  1  2 |
---------------+-------+-----
Spellcasting   | 5 |  5.9
Dodging        | |  2.8
Stealth        | |  2.8
Conjurations   | |  1.9
Summonings     | |  1.1
Translocations | |  1.1

Action                   || total
-------------------------++-------
Melee: Unarmed           ||     2
 Cast: Magic Dart        ||    94
       Blink             ||     1
       Searing Ray       ||     3
       Conjure Flame     ||     2
       Confusing Touch   ||     2
  Use: Scroll            ||     1
  Eat: Ration            ||     1
Armor: Robe              ||    13
Dodge: Dodged            ||    27
